 Dungeon Crawl Stone Soup version 0.29.1-15-g9cfb28693d (webtiles) character file.

Game seed: 12258362019458958349

119381 DemonSlayer the Thaumaturge (level 16, -10/111 HPs)
             Began as a Demonspawn Earth Elementalist on Apr 27, 2023.
             Was the Champion of Dithmenos.
             Killed from afar by a deep elf knight (22 damage)
             ... with a shard of ice
             ... on level 1 of the Elven Halls on Apr 28, 2023.
             The game lasted 01:33:05 (36266 turns).

DemonSlayer the Thaumaturge (DsEE)                 Turns: 36266, Time: 01:33:05

Health: -10/111    AC: 17    Str:  9    XL:     16   Next: 27%
Magic:  0/34       EV: 17    Int: 23    God:    Dithmenos [******]
Gold:   1189       SH:  8    Dex: 31    Spells: 14/43 levels left

rFire   + + +      SeeInvis .   f - +6 dagger of Sulijel {elec, rF+ Dex+4}
rCold   + + .      Faith    .   (no shield)
rNeg    . . .      Spirit   +   P - +5 ring mail of Peinnint {Regen+ Dex+7}
rPois   +          Reflect  .   H - +2 helmet {Int+3}
rElec   +          Harm     .   m - +1 cloak of Muabuask {Fly}
rCorr   +          Rampage  .   (gloves unavailable)
Will    ++...                   (no boots)
Stlth   ++++++++..              i - brooch of Shielding {Spirit SH+8}
HPRegen 1.08/turn               d - ring of willpower
MPRegen 0.24/turn               r - ring of protection from cold

@: resistant, on berserk cooldown, flying, hasted and slowed, wreathed by umbra,
studying Unarmed Combat
A: demonic guardian 3, icemail 1, sharp scales 1, condensation shield, demonic
touch 3, clever 1, fire resistance 1, poison resistance
a: Renounce Religion, Shadow Step, Shadow Form


You were on level 1 of the Elven Halls.
You worshipped Dithmenos.
Dithmenos was exalted by your worship.
You visited 5 branches of the dungeon, and saw 24 of its levels.
You also visited: Gauntlet.

You collected 2125 gold pieces.
You spent 936 gold pieces at shops.

Inventory:

Hand Weapons
 f - the +6 dagger of Sulijel (weapon) {elec, rF+ Dex+4}
   (You took it off an orc priest on level 7 of the Dungeon)

   It occasionally discharges a powerful burst of electricity upon striking a
   foe.
   Dex:       It affects your dexterity (+4).
   rF:        It protects you from fire.
Missiles
 o - 2 silver javelins
 A - 7 curare-tipped darts
 C - a throwing net
Armour
 m - the +1 cloak of Muabuask (worn) {Fly}
   (You found it on level 3 of the Dungeon)

   Fly:       It grants you flight.
 H - a +2 helmet of intelligence (worn)
 P - the +5 ring mail of Peinnint (worn) {Regen+ Dex+7}
   (You found it on level 13 of the Dungeon)

   Dex:       It affects your dexterity (+7).
   Regen:     It increases your rate of health regeneration.
Jewellery
 d - a ring of willpower (left hand)
 i - the brooch of Shielding (around neck) {Spirit SH+8}
   (You bought it in a shop on level 2 of the Orcish Mines)

   [amulet of guardian spirit]

   It causes incoming damage to be divided between your reserves of health and
   magic.
   SH:        It affects your SH (+8).
 r - a ring of protection from cold (right hand)
 y - the macabre finger necklace {rN+}
   (You found it in a Gauntlet)

   [amulet of nothing]

   It enables you to equip an extra ring.
   rN:        It protects you from negative energy.
 M - a ring of willpower
Wands
 b - a wand of charming (14)
 h - a wand of digging (5)
 s - a wand of polymorph (4)
 v - a wand of quicksilver (11)
 B - a wand of flame (2)
 D - a wand of mindburst (6)
 G - a wand of iceblast (14)
Scrolls
 a - 5 scrolls of magic mapping
 c - a scroll of torment
 e - a scroll of enchant armour
 g - 6 scrolls of immolation
 k - 13 scrolls of teleportation
 l - a scroll of poison
 q - a scroll of fog
 t - 6 scrolls of identify
 x - a scroll of blinking
 F - a scroll of summoning
 I - 3 scrolls of amnesia
 O - 2 scrolls of fear
 Q - a scroll of enchant weapon
Potions
 j - 3 potions of curing
 n - 6 potions of cancellation
 p - 5 potions of lignification
 u - 4 potions of attraction
 w - 6 potions of brilliance
 z - a potion of resistance
 E - 3 potions of flight
Miscellaneous
 K - a box of beasts
 N - a lightning rod (4/4)


   Skills:
 + Level 5.6 Fighting
 + Level 6.0 Short Blades
 + Level 1.3 Throwing
 + Level 5.9 Armour
 + Level 7.5 Dodging
 + Level 8.0 Stealth
 + Level 6.2 Shields
 + Level 0.1 Unarmed Combat
 + Level 14.3 Spellcasting
 + Level 13.6 Conjurations
 + Level 0.8 Transmutations
 + Level 0.2 Air Magic
 + Level 12.9 Earth Magic
 + Level 0.9 Poison Magic
 + Level 3.2 Evocations


You had 14 spell levels left.
You knew the following spells:

 Your Spells              Type           Power      Damage    Failure   Level
b - Stone Arrow           Conj/Erth      100%       3d13      1%          3
c - Passwall              Tmut/Erth      40%        N/A       1%          2
d - Mephitic Cloud        Conj/Pois/Air  39%        N/A       3%          3
e - Swiftness             Air            17%        N/A       24%         3
f - Ensorcelled Hibernat  Hex/Ice        32%        N/A       14%         2
g - Petrify               Tmut/Erth      48%        N/A       5%          4
h - Iron Shot             Conj/Erth      33%        9d7       6%          6
i - Cause Fear            Hex            8%         N/A       65%         4
j - Blink                 Tloc           32%        N/A       14%         2

Your spell library contained the following spells:

 Spells                   Type           Power      Damage    Failure   Level
 Magic Dart               Conj           100%       1d8       1%          1
 Sandblast                Erth           100%       2d20      1%          1
 Shock                    Conj/Air       100%       1d9       1%          1
 Hailstorm                Conj/Ice       47%        3d11      5%          4
 Sting                    Tmut/Pois      80%        1d7       6%          1
 Animate Armour           Summ/Erth      92%        N/A       6%          4
 Poisonous Vapours        Pois/Air       38%        N/A       11%         2
 Irradiate                Conj/Tmut      24%        3d19      12%         5
 Call Imp                 Summ           16%        N/A       14%         2
 Fireball                 Conj/Fire      23%        3d11      16%         5
 Borgnjor's Vile Clutch   Necr/Erth      23%        N/A       17%         5
 Spider Form              Tmut/Pois      20%        N/A       19%         3
 Inner Flame              Hex/Fire       16%        N/A       26%         3
 Lesser Beckoning         Tloc           16%        N/A       26%         3
 Ozocubu's Armour         Ice            16%        N/A       26%         3
 Portal Projectile        Hex/Tloc       32%        N/A       26%         3
 Tukima's Dance           Hex            16%        N/A       26%         3
 Olgreb's Toxic Radiance  Pois           20%        N/A       52%         4
 Ice Form                 Ice/Tmut       18%        N/A       58%         4
 Airstrike                Air            8%         2d(2-18)  61%         4
 Starburst                Conj/Fire      23%        6d8       63%         6
 Anguish                  Hex/Necr       8%         N/A       65%         4
 Animate Dead             Necr           16%        N/A       65%         4
 Blade Hands              Tmut           10%        N/A       86%         5
 Manifold Assault         Tloc           16%        N/A       94%         5
 Metabolic Englaciation   Hex/Ice        8%         N/A       94%         5
 Summon Forest            Summ/Tloc      8%         N/A       94%         5
 Summon Mana Viper        Hex/Summ       16%        N/A       94%         5
 Lehudib's Crystal Spear  Conj/Erth      33%        10d9      94%         8
 Death Channel            Necr           8%         N/A       100%        6
 Simulacrum               Ice/Necr       8%         N/A       100%        6
 Summon Cactus Giant      Summ           8%         N/A       100%        6
 Dragon Form              Tmut           10%        N/A       100%        7
 Ozocubu's Refrigeration  Ice            8%         4d9       100%        7
 Discord                  Hex            8%         N/A       100%        8
 Ignition                 Fire           8%         3d5       100%        8


Dungeon Overview and Level Annotations

Branches:
Dungeon (15/15)            Temple (1/1) D:6            Lair (5/5) D:8
 Shoals (0/4) Lair:3        Snake (0/4) Lair:2        Slime (0/5) Lair:4
    Orc (2/2) D:10            Elf (1/3) Orc:2        Vaults (0/5) D:13
 Depths (0/4) D:15        Gauntlet (visited)

Altars:
Ashenzari
Cheibriados
Dithmenos
Fedhas
Gozag
Hepliaklqana
Kikubaaqudgha
Makhleb
Nemelex Xobeh
Okawaru
Qazlal
Ru
Trog
Vehumet
Wu Jian
Xom
Yredelemnul

Shops:
D:5 =   D:10 ?   D:15 *   Orc:2 ?==(

Annotations:
D:14 1 runed translucent door
Orc:2 2 transporters, JosephusMaximus's ghost, journeyman DEHW


Innate Abilities, Weirdness & Mutations

A powerful demonic guardian rushes to your aid.
A meltable icy envelope protects you from harm. (AC +0)
You are partially covered in razor-sharp scales. (AC +1, Slay +1)
A meltable shield of frost defends you. (SH +0)
Your touch may irresistibly damage your foes and sap their willpower.
Your mind is acute. (Int +4, Str/Dex -1)
Your flesh is heat resistant. (rF+)
Your system is resistant to poisons. (rPois)


Message History

Unknown command.
You feel yourself speed up. Something barely misses you.
You block the fire elemental's attack. Something hits you but does no damage.
Something hits you but does no damage. Something hits you.
You hear some strange, mumbled words.
A shard of ice appears from out of thin air!
You block the shard of ice.
You hear some strange, mumbled words.
A lance of force appears from out of thin air!
The lance of force hits you!!
* * * LOW HITPOINT WARNING * * *
A demonic guardian appears!
You are knocked back by the lance of force.
You slam into the stone wall!
* * * LOW HITPOINT WARNING * * *
A deep elf knight appears from thin air!
Reactivating autopickup.
A red film seems to cover your vision as you go berserk!
You feel yourself moving faster!
You feel mighty!
Your sixfirhy misses the deep elf knight.
Your sixfirhy closely misses the deep elf knight.
Your sixfirhy hits the deep elf knight.
Your sixfirhy shocks the deep elf knight!
You feel a strong urge to attack something.
Your sixfirhy completely misses the deep elf knight.
Your sixfirhy hits the deep elf knight but does no damage.
Your sixfirhy closely misses the deep elf knight.
Your sixfirhy hits the deep elf knight.
Your sixfirhy shocks the deep elf knight!
The deep elf knight gestures at you while chanting.
The shard of ice hits you! You partially resist.
* * * LOW HITPOINT WARNING * * *
You feel your anger nearly subside.
You are no longer berserk.
You are exhausted.
You feel yourself slow down.
The deep elf knight casts a spell at you.
The shard of ice hits you!! You partially resist.
You die...

#.. ####.###### .#..
#.........##......# ...
#....##.####......##+#
##.##....#...# #......##.#
##........#...# #......##.#
...^...####...###......##.#
.......#...............##.#
......°○..3###.........##.#######
§§..).○#○○Ee....@....(.##§..~~~..
§(§§.☼##.##...###......)))).~~~..
§§§§.§#...#...# #......##).~~~~~.
§§§§§§#...#...# #....>.##..~~~)~.
§§e####...##.####......##.[~))~).
#(##....#....#.##......##..~~~~~.
§E○..........#'##......##..~~~~~.
..☼#....#....#..#......##...~~~..
..☼# ##...####.........##.}.~~~..


You could see a deep elf knight (fast, ally target), a fire elemental (summoned)
and a friendly sixfirhy (summoned).

Vanquished Creatures
  Kirke (D:12)
  A deep elf sorcerer (Elf:1)
  An orc warlord (Orc:2)
  A quicksilver ooze (Gauntlet)
  A very ugly thing (D:15)
  A minotaur (Gauntlet)
  A dire elephant (Lair:4)
  Josephine (D:12)
  A great orb of eyes (D:15)
  Harold (Lair:2)
  A rakshasa (D:15)
  3 vault guards (D:13)
  Erolcha (D:11)
  11 hydras
  4 boulder beetles
  A two-headed ogre (D:12)
  3 centaur warriors
  4 catoblepae
  8 death yaks (Lair:5)
  A dancing weapon (Elf:1)
  2 tengu warriors (D:15)
  Sonja (Lair:3)
  9 orc high priests
  A deep elf knight (Elf:1)
  5 skeletal warriors (D:15)
  A sea snake (shapeshifter) (D:15)
  3 wizards (D:13)
  A necromancer (D:13)
  2 orc knights
  6 deep elf pyromancers
  7 deep elf zephyrmancers (Elf:1)
  2 deep elf archers (Elf:1)
  4 manticores
  A faun (shapeshifter) (D:7)
  6 cyclopes
  7 ugly things (D:15)
  18 elephants
  2 merfolk sirens (Lair:3)
  A black mamba (Lair:4)
  3 torpor snails
  Maggie (Lair:2)
  2 gargoyles
  2 unseen horrors
  12 cane toads
  A rime drake (shapeshifter) (D:15)
  3 kobold demonologists
  A tengu conjurer (D:15)
  3 rime drakes
  An efreet (D:14)
  6 komodo dragons
  13 trolls
  3 meliai (D:14)
  5 polar bears
  2 hornets
  Grinder (D:5)
  A hornet (shapeshifter) (D:13)
  23 slime creatures
  13 blink frogs
  Sigmund (D:6)
  4 wraiths
  A shadow (D:7)
  57 yaks
  2 vampires
  2 fire elementals (Elf:1)
  A wyvern (Lair:3)
  3 water elementals
  18 humans (D:13)
  12 basilisks
  3 fire bats (Lair:1)
  A steam dragon (D:7)
  3 vampire mosquitoes (D:13)
  8 wargs
  2 acid dragons
  11 water moccasins
  23 orc warriors
  A sky beast (D:4)
  5 ogres
  2 black bears
  7 wolves
  5 boggarts (D:15)
  11 centaurs
  A phantom (D:6)
  3 kobold brigands
  2 gnoll sergeants
  4 scorpions
  15 bullfrogs
  12 wights
  12 killer bees
  8 electric eels
  5 howler monkeys
  8 jellies
  13 hounds
  A gnoll bouda (Orc:1)
  30 orc priests
  3 iguanas
  11 hell rats (Lair:3)
  17 orc wizards
  13 gnolls
  3 adders
  3 white imps (D:7)
  3 ufetubi
  A worm (D:3)
  4 dart slugs
  78 orcs
  10 endoplasms
  2 giant cockroaches
  8 goblins
  8 hobgoblins
  6 jackals
  4 quokkas
  5 ball pythons
  4 bats
  5 frilled lizards
  12 kobolds
  5 rats
724 creatures vanquished.

Vanquished Creatures (collateral kills)
  An orc warlord (Orc:2)
  A two-headed ogre (D:7)
  A tengu warrior (D:13)
  A deep elf knight (Elf:1)
  A deep elf zephyrmancer (Elf:1)
  A deep elf archer (Elf:1)
  A deep elf pyromancer (Elf:1)
  A cyclops (Orc:1)
  An elephant (Lair:4)
  A cane toad (Lair:2)
  A tengu conjurer (D:13)
  2 slime creatures (D:13)
  A shadow (D:13)
  2 yaks
  A warg (Orc:2)
  3 orc warriors
  A sky beast (D:7)
  An ogre (Orc:2)
  3 wights (D:8)
  An electric eel (D:15)
  4 orc priests
  A jelly (D:7)
  A gnoll bouda (D:7)
  An iguana (D:7)
  2 orc wizards (Orc:2)
  3 orcs
38 creatures vanquished.

Vanquished Creatures (others)
  A hydra (D:13)
  A cyclops (D:13)
  A water elemental (D:13)
  31 fungi
  77 plants
111 creatures vanquished.

Grand Total: 873 creatures vanquished

Notes
Turn   | Place    | Note
-------+----------+-------------------------------------------
     0 | D:1      | DemonSlayer the Demonspawn Earth Elementalist began the
                  | quest for the Orb.
     0 | D:1      | Reached XP level 1. HP: 13/13 MP: 3/3
     3 | D:1      | Noticed an electric eel
     4 | D:1      | Noticed an electric eel
   125 | D:1      | Found a faded altar of an unknown god.
   263 | D:1      | Gained mutation: A meltable shield of frost defends you.
                  | (SH +0) [demonic ancestry]
   263 | D:1      | Reached XP level 2. HP: 9/19 MP: 1/5
  1346 | D:1      | Gained mutation: A meltable icy envelope protects you from
                  | harm. (AC +0) [demonic ancestry]
  1346 | D:1      | Reached XP level 3. HP: 19/24 MP: 4/6
  1414 | D:1      | Learned a level 3 spell: Stone Arrow
  1417 | D:1      | Learned a level 2 spell: Passwall
  1530 | D:2      | You fall into a shaft and drop 1 floor!
  2017 | D:3      | Identified the +1 cloak of Muabuask {Fly}
  3249 | D:2      | Gained mutation: A weak demonic guardian rushes to your
                  | aid. [demonic ancestry]
  3249 | D:2      | Reached XP level 4. HP: 30/30 MP: 7/7
  4155 | D:4      | Noticed a scorpion
  4168 | D:4      | Killed a scorpion
  4169 | D:4      | Reached skill level 3 in Spellcasting
  4169 | D:4      | Gained mutation: A demonic guardian rushes to your aid.
                  | [demonic ancestry]
  4169 | D:4      | Reached XP level 5. HP: 33/36 MP: 3/9
  4299 | D:4      | Noticed a sky beast
  4304 | D:4      | Killed a sky beast
  4305 | D:4      | Gained mutation: Your touch may inflict minor irresistible
                  | damage on your foes. [demonic ancestry]
  4305 | D:4      | Reached XP level 6. HP: 42/42 MP: 1/11
  4781 | D:4      | Learned a level 3 spell: Mephitic Cloud
  4785 | D:4      | Learned a level 3 spell: Swiftness
  4815 | D:5      | Entered Level 5 of the Dungeon
  4850 | D:5      | Noticed a water moccasin
  4856 | D:5      | Killed a water moccasin
  4857 | D:5      | Reached skill level 4 in Spellcasting
  5101 | D:5      | Noticed Grinder
  5108 | D:5      | Killed Grinder
  5109 | D:5      | Reached skill level 5 in Earth Magic
  5109 | D:5      | Gained mutation: Your touch may inflict irresistible damage
                  | on your foes. [demonic ancestry]
  5109 | D:5      | Reached XP level 7. HP: 47/47 MP: 4/14
  5204 | D:5      | Found Peugon's One-of-a-Kind Rings.
  5672 | D:5      | Learned a level 2 spell: Ensorcelled Hibernation
  5855 | D:6      | Reached skill level 5 in Spellcasting
  6123 | D:6      | Noticed Sigmund
  6130 | D:6      | Killed Sigmund
  6131 | D:6      | Reached skill level 1 in Fighting
  6131 | D:6      | Gained mutation: Your touch may irresistibly damage your
                  | foes and sap their willpower. [demonic ancestry]
  6131 | D:6      | Reached XP level 8. HP: 54/54 MP: 10/16
  6321 | D:6      | Reached skill level 1 in Short Blades
  6492 | D:6      | Found a staircase to the Ecumenical Temple.
  6501 | D:6      | Reached skill level 1 in Shields
  6562 | D:6      | Reached skill level 6 in Spellcasting
  6562 | D:6      | Reached skill level 1 in Conjurations
  6610 | Temple   | Entered the Ecumenical Temple
  6938 | Temple   | Became a worshipper of Dithmenos the Shadowed
  7101 | D:6      | Learned a level 4 spell: Petrify
  7380 | D:7      | Reached skill level 1 in Evocations
  7529 | D:7      | Noticed a boulder beetle
  8054 | D:7      | Noticed a two-headed ogre
  8063 | D:7      | Killed a two-headed ogre
  8064 | D:7      | Reached skill level 7 in Spellcasting
  8064 | D:7      | Reached XP level 9. HP: 15/59 MP: 11/19
  8427 | D:7      | Noticed a faun
  8434 | D:7      | Killed a faun
  8618 | D:7      | Reached * piety under Dithmenos
  8644 | D:7      | Identified the +6 dagger of Sulijel {elec, rF+ Dex+4}
  9325 | D:8      | Noticed a troll
  9336 | D:7      | Killed a troll
  9337 | D:7      | Reached skill level 8 in Spellcasting
  9337 | D:7      | Reached XP level 10. HP: 64/67 MP: 10/22
  9430 | D:7      | Reached skill level 5 in Conjurations
  9959 | D:7      | Killed a boulder beetle
 10167 | D:7      | Learned a level 6 spell: Iron Shot
 10201 | D:7      | Reached ** piety under Dithmenos
 10783 | D:8      | Reached skill level 5 in Stealth
 10790 | D:8      | Reached skill level 9 in Spellcasting
 11033 | D:8      | Reached XP level 11. HP: 68/75 MP: 11/24
 11527 | D:8      | Found a staircase to the Lair.
 11574 | D:8      | Reached *** piety under Dithmenos
 11946 | D:8      | Learned a level 4 spell: Cause Fear
 12201 | Lair:1   | Entered Level 1 of the Lair of Beasts
 12765 | Lair:1   | Gained mutation: You have a pair of small horns on your
                  | head. [potion of mutation]
 12765 | Lair:1   | Gained mutation: Armour fits poorly on your strangely
                  | shaped body. [potion of mutation]
 12765 | Lair:1   | Gained mutation: Your flesh is heat resistant. (rF+)
                  | [potion of mutation]
 12928 | Lair:2   | Noticed a five-headed hydra
 13611 | Lair:2   | Noticed Harold
 13626 | Lair:2   | Killed Harold
 13627 | Lair:2   | Reached skill level 10 in Spellcasting
 13708 | Lair:2   | Killed a five-headed hydra
 13824 | Lair:2   | Found a staircase to the Snake Pit.
 13830 | Lair:2   | Noticed Maggie
 13838 | Lair:2   | Killed Maggie
 13938 | Lair:2   | Noticed an eight-headed hydra
 14393 | Lair:2   | Killed an eight-headed hydra
 14394 | Lair:2   | Gained mutation: You are partially covered in razor-sharp
                  | scales. (AC +1, Slay +1) [demonic ancestry]
 14394 | Lair:2   | Reached XP level 12. HP: 52/83 MP: 9/26
 14575 | Lair:2   | Reached **** piety under Dithmenos
 15962 | D:9      | Reached skill level 1 in Armour
 15981 | D:10     | Entered Level 10 of the Dungeon
 16020 | D:10     | Found a hazy altar of Hepliaklqana.
 16036 | D:10     | Reached skill level 5 in Dodging
 16242 | D:10     | Found a staircase to the Orcish Mines.
 16377 | D:10     | Found Nuwebes's Magic Scroll Shoppe.
 16380 | D:10     | Bought a scroll of teleportation for 48 gold pieces
 16687 | D:10     | Learned a level 2 spell: Blink
 16738 | Orc:1    | Entered Level 1 of the Orcish Mines
 16763 | Orc:1    | Noticed an orc high priest
 16788 | Orc:1    | Killed an orc high priest
 16793 | Orc:1    | Reached ***** piety under Dithmenos
 17249 | Orc:1    | Reached skill level 11 in Spellcasting
 17451 | Orc:2    | Entered Level 2 of the Orcish Mines
 17502 | Orc:2    | Reached skill level 10 in Earth Magic
 17586 | Orc:2    | Noticed an orc high priest
 17623 | Orc:2    | Reached skill level 10 in Conjurations
 17669 | Orc:2    | Killed an orc high priest
 17746 | Orc:2    | Noticed an orc high priest
 17754 | Orc:2    | Killed an orc high priest
 17809 | Orc:2    | Noticed an orc high priest
 17813 | Orc:2    | Noticed an orc high priest
 17814 | Orc:2    | Killed an orc high priest
 17819 | Orc:2    | Killed an orc high priest
 17910 | Orc:2    | Noticed an orc warlord
 17930 | Orc:2    | Killed an orc warlord
 17931 | Orc:2    | Gained mutation: A powerful demonic guardian rushes to your
                  | aid. [demonic ancestry]
 17931 | Orc:2    | Reached XP level 13. HP: 59/88 MP: 7/28
 18178 | Orc:2    | Found Qujeh's Antique Weapon Boutique.
 18178 | Orc:2    | Found Pafaanwe's Jewellery Shoppe.
 18205 | Orc:2    | Noticed an orc warlord
 18235 | Orc:2    | Killed an orc warlord
 18777 | Orc:2    | Reached skill level 1 in Throwing
 18807 | Orc:2    | Reached ****** piety under Dithmenos
 19062 | Orc:2    | Found a staircase to the Elven Halls.
 19191 | Orc:2    | Found a transporter.
 19195 | Orc:2    | Found a bloodstained altar of Trog.
 19195 | Orc:2    | Noticed JosephusMaximus's ghost (journeyman DEHW)
 19201 | Orc:2    | Found a transporter.
 19325 | Orc:2    | Found Ocaneng's Jewellery Boutique.
 19325 | Orc:2    | Found Ythix's Magic Scroll Shoppe.
 19339 | Orc:2    | Bought a scroll of teleportation for 36 gold pieces
 19339 | Orc:2    | Bought a scroll of teleportation for 36 gold pieces
 19339 | Orc:2    | Bought a scroll of teleportation for 36 gold pieces
 19382 | Orc:2    | Bought the brooch of Shielding {Spirit SH+8} for 780 gold
                  | pieces
 19382 | Orc:2    | Found the brooch of Shielding {Spirit SH+8}
 19962 | Orc:1    | Reached skill level 12 in Spellcasting
 21282 | D:11     | Noticed Erolcha
 21288 | D:11     | Killed Erolcha
 22177 | D:12     | Noticed Josephine
 22214 | D:12     | Killed Josephine
 22551 | D:12     | Noticed Kirke
 22559 | D:12     | Killed Kirke
 22881 | D:13     | Found a gate leading to a gauntlet.
 22891 | Gauntlet | Entered a Gauntlet
 22891 | Gauntlet | Found a transporter.
 22891 | Gauntlet | Found a transporter.
 22937 | Gauntlet | Found a transporter.
 22942 | Gauntlet | Found a transporter.
 22951 | Gauntlet | Found a transporter.
 22954 | Gauntlet | Found a transporter.
 22956 | Gauntlet | Noticed a quicksilver ooze
 22963 | Gauntlet | Found a transporter.
 22979 | Gauntlet | Found the macabre finger necklace {rN+}
 22981 | Gauntlet | Found a transporter.
 22985 | Gauntlet | Noticed a reaper
 23001 | Gauntlet | Found a transporter.
 23002 | Gauntlet | Found a transporter.
 23010 | Gauntlet | Found a transporter.
 23014 | Gauntlet | Found a transporter.
 23300 | Gauntlet | Killed a quicksilver ooze
 23705 | Gauntlet | Identified the +4 chain mail of a sewer {Str+3 Int+4}
 23705 | Gauntlet | Noticed a minotaur
 23722 | Gauntlet | Killed a minotaur
 24315 | D:13     | Reached XP level 14. HP: 96/96 MP: 3/30
 25040 | D:13     | Identified the +0 robe "Huodi" {rElec rCorr Int-5}
 25399 | D:13     | Reached skill level 5 in Fighting
 25561 | D:13     | Found a gate to the Vaults.
 26149 | D:13     | Identified the +5 ring mail of Peinnint {Regen+ Dex+7}
 26166 | D:13     | Lost mutation: You have a pair of small horns on your head.
                  | [potion of mutation]
 26166 | D:13     | Lost mutation: Armour fits poorly on your strangely shaped
                  | body. [potion of mutation]
 26166 | D:13     | Gained mutation: Your system is resistant to poisons.
                  | (rPois) [potion of mutation]
 26166 | D:13     | Gained mutation: Your mind is acute. (Int +4, Str/Dex -1)
                  | [potion of mutation]
 27006 | D:14     | Found a hazy altar of Hepliaklqana.
 27732 | D:14     | Noticed a brown very ugly thing
 27732 | D:14     | Noticed a sphinx
 27736 | D:14     | Found a runed translucent door.
 27739 | D:14     | Identified the +11 trident of Toothy Responsibility
                  | {protect, Fragile MP+9 Str+2 Int+3}
 27853 | D:15     | Entered Level 15 of the Dungeon
 27854 | D:15     | Found Wiwnaiskynor's Assorted Antiques.
 27977 | D:15     | Reached skill level 13 in Spellcasting
 28131 | D:15     | Reached skill level 5 in Short Blades
 29344 | D:15     | Noticed a green very ugly thing
 29356 | D:15     | Killed a brown very ugly thing
 29359 | D:15     | Reached XP level 15. HP: 103/103 MP: 6/32
 29694 | D:15     | Found a staircase to the Depths.
 30514 | Lair:3   | Reached skill level 5 in Armour
 31203 | Lair:3   | Found a staircase to the Shoals.
 31266 | Lair:3   | Noticed Sonja
 31273 | Lair:3   | Killed Sonja
 31846 | Lair:5   | Entered Level 5 of the Lair of Beasts
 32235 | Lair:5   | Reached skill level 5 in Shields
 33760 | Lair:4   | Reached skill level 14 in Spellcasting
 34845 | Lair:4   | Found a staircase to the Slime Pits.
 34880 | Lair:4   | Reached XP level 16. HP: 65/110 MP: 4/34
 35861 | Elf:1    | Entered Level 1 of the Elven Halls
 36266 | Elf:1    | Killed from afar by a deep elf knight

Illustrated notes

Levels and vault maps discovered:
D:1:      arrival_aquarium_b, layout_basic, basic_ecumenical_altar,
          chequers_serial_rivers_micro_e, nicolae_concentric_dashed_squares_wild
D:2:      layout_loops_ring, minmay_curled_crystal
D:3:      layout_basic, grunt_ministairs_14, minmay_misc_feat_columns
D:4:      nicolae_cairo_tiling_large_dashed, layout_basic, eino_tiny_chamber,
          minmay_bisected
D:5:      layout_cave_pods, minmay_misc_feat_chi, minmay_hedge_maze,
          nicolae_shop_unique_rings, uniq_grinder
D:6:      layout_gridville, minmay_temple_entry_statues, serial_glass,
          glass_columns_c, glass_columns_b, glass_columns_a, glass_columns_a,
          glass_columns_b, glass_columns_c, glass_columns_c, glass_columns_a,
          minmay_misc_feat_nine_boxes, minmay_misc_feat_alley, uniq_sigmund
D:7:      nzn_winding_woodlands_stair_cross [nzn_winding_woodlands_5x15_zeroes,
          nzn_winding_woodlands_center_lodge, nzn_winding_woodlands_5x15_twine,
          nzn_winding_woodlands_5x5_default,
          nzn_winding_woodlands_5x5_open_star,
          nzn_winding_woodlands_5x15_pathside_ponds,
          nzn_winding_woodlands_center_garden,
          nzn_winding_woodlands_5x15_parted], layout_loops_ring,
          minmay_misc_feat_room, minmay_liquid_box, grunt_ministairs_5,
          minmay_misc_feat_secret_circle, kennysheep_potato
D:8:      layout_rooms, erik_lair_island, glass_columns_c
D:9:      layout_irregular_city
D:10:     layout_basic, mainiacjoe_overflow_concentric_impassable, david_orc_2,
          serial_shops, kennysheep_mini
D:11:     layout_layer_cave, nicolae_water_bricks, uniq_erolcha
D:12:     layout_cave_pools, uniq_josephine, uniq_kirke
D:13:     layout_loops_ring, grunt_vaults_entry_tiered, gauntlet_entry_generic,
          lemuel_freeze_loot_1
D:14:     layout_gridville, nicolae_hepliaklqana_hazy_memory,
          grunt_decor_clamped, minmay_st_funbox
D:15:     gammafunk_enter_depths_forms, layout_basic, serial_shops, shop,
          serial_park_avenue1
Temple:   mainiacjoe_temple_trianglar_array
Lair:1:   layout_misc_corridors, nicolae_volcano_entry_batcave, st_stairs_6
Lair:2:   layout_misc_corridors, dummy_snake_entry, infiniplex_staircase_pool,
          uniq_harold, uniq_maggie
Lair:3:   layout_chaotic_city, elwin_shoals_entry_rooms, grunt_megastairs_4,
          serial_bayou_shore_b, uniq_sonja
Lair:4:   beast_lair_carwin_large_4, layout_layer_cave,
          minmay_slime_entry_pillars, cheibrodos_lair_lostbears,
          lemuel_fruit_fields
Lair:5:   evilmike_catoblepas_cave, layout_cellular_growth,
          dreamdust_mushroom_princess, st_stairs_4
Orc:1:    layout_diamond_mine
Orc:2:    st_orc_town, layout_diamond_mine, gammafunk_ghost_wrathful_warriors
Elf:1:    eino_elf_arrival_sip, layout_gridlike, evilmike_minifort,
          hangedman_decor_cross_pass

Skill      XL: |  1  2  3  4  5  6  7  8  9 10 11 12 13 14 15 16 |
---------------+-------------------------------------------------+-----
Earth Magic    | 3 4 5 6 7 8 9 10 11 12 | 12.9
Stealth        | 2 3 4 5 6 7 8 |  8.0
Dodging        | 2 3 4 5 6 7 |  7.5
Spellcasting   | 3 4 5 7 8 9 10 11 12 13 14 | 14.3
Fighting       | 1 2 3 4 5 |  5.6
Short Blades   | 1 2 3 4 5 6 |  6.0
Shields        | 1 2 3 4 5 6 |  6.2
Conjurations   | 3 4 6 8 10 11 12 13 | 13.6
Evocations     | 1 2 3 |  3.2
Armour         | 1 3 4 5 |  5.9
Throwing       | 1 |  1.3
Unarmed Combat | |  0.1
Transmutations | |  0.8
Air Magic      | |  0.2
Poison Magic   | |  0.9

Action                   |  1- 3 |  4- 6 |  7- 9 | 10-12 | 13-15 | 16-18 || total
-------------------------+-------+-------+-------+-------+-------+-------++-------
Melee: Unarmed           |     8 |       |       |       |       |       ||     8
       Dagger            |    37 |    15 |    27 |    97 |   393 |    54 ||   623
       Touch             |       |       |     1 |    12 |    91 |    11 ||   115
       Punch             |       |       |       |     2 |    15 |     2 ||    19
       Headbutt          |       |       |       |     3 |    50 |       ||    53
Throw: Throwing net      |       |       |       |     2 |     3 |       ||     5
       Dart              |       |       |       |     4 |     6 |       ||    10
       Javelin           |       |       |       |       |     2 |       ||     2
 Cast: Sandblast         |    62 |    38 |    32 |       |       |       ||   132
       Stone Arrow       |       |    11 |    79 |   405 |   583 |    33 ||  1111
       Mephitic Cloud    |       |       |     1 |     2 |     5 |     3 ||    11
Evoke: Wand              |       |       |     6 |     5 |    21 |     1 ||    33
       Lightning rod     |       |       |       |       |       |     1 ||     1
  Use: Potion            |     1 |       |     4 |    10 |     9 |     3 ||    27
       Scroll            |       |     3 |     2 |    22 |     7 |       ||    34
 Stab: Sleeping          |     8 |     1 |     4 |     8 |    17 |     2 ||    40
       Distracted        |     1 |       |       |       |     3 |       ||     4
       Held in net/web   |       |       |       |     1 |       |       ||     1
       Confused          |       |       |       |       |     1 |       ||     1
Armor: Robe              |    15 |    21 |    24 |    25 |       |       ||    85
       Swamp dragon scal |       |       |       |    30 |       |       ||    30
       Troll leather arm |       |       |       |       |    46 |       ||    46
       Skin              |       |       |       |       |    18 |       ||    18
       Ring mail         |       |       |       |       |   143 |    21 ||   164
Dodge: Dodged            |    48 |    24 |    60 |   177 |   354 |    22 ||   685
Block: Other             |    14 |     8 |    10 |    57 |   361 |    23 ||   473
       Orb               |       |       |       |       |     3 |       ||     3
